Map: Tours du crépuscule

Players

Dops - Winner!

  • Race: Terran Terran
  • League: Silver
  • Spawn Location: 7:00

zidar

  • Race: Zerg Zerg
  • League: Silver
  • Spawn Location: 1:00

VOD

Have the link to the VOD?

Description

Time

  • Played on: Jan. 13, 2016, 11:12 a.m.
  • Length: 9:33
Show
View Real Time Build Order
Export as new Build Order

Dops Terran - Winner!

Build Orders:  

Get SALT Encoding   

  12  0:01  SCV  
  13  0:16  Supply Depot  
  13  0:20  SCV  
  14  0:35  Refinery  
  14  0:36  SCV  
  14  0:41  Barracks  
  15  0:50  SCV  
  16  1:11  Supply Depot  
  16  1:16  Refinery  
  16  1:31  Marine  
  17  1:38  Barracks  
  17  1:43  Factory  
  18  1:47  SCV  
  18  1:52  Barracks Tech Lab  
  18  2:06  Orbital Command  
  20  2:16  Marauder  
  20  2:30  Starport  
  20  2:36  SCV  
  21  2:54  Siege Tank  
  23  3:01  Barracks Reactor  
  23  3:06  Marine  
  23  3:12  SCV  
  25  3:17  Barracks  
  25  3:19  Medivac  
  27  3:24  SCV  
  27  3:26  Marine  
  29  3:36  SCV  
  30  3:56  Command Center  
  30  3:59  Marine  
  30  4:00  Barracks Tech Lab  
  31  4:10  Supply Depot  
  31  4:11  Barracks Reactor  
  31  4:15  Starport Reactor  
  31  4:31  Marine  
  31  4:38  Marine x2  
  36  4:44  Widow Mine  
  36  4:49  Marine  
  36  4:52  SCV  
  38  4:54  Stimpack  
  38  4:58  Engineering Bay  
  38  4:59  Supply Depot  
  38  5:11  Medivac  
  40  5:17  Medivac  
  42  5:26  SCV  
  42  5:28  Marine  
  46  5:29  Widow Mine  
  46  5:30  Marine  
  46  5:33  Marine  
  48  5:36  Marine  
  48  5:38  Marine  
  50  5:46  Marine  
  50  5:47  Marine  
  52  5:50  Marine  
  52  5:53  Marine  
  52  5:56  Siege Tank  
  57  6:21  Marauder  
  59  6:33  Medivac  
  59  6:39  Medivac  
  63  6:42  Marauder  
  63  6:43  Supply Depot  
  63  6:45  Orbital Command  
  65  6:54  Concussive Shells  
  65  7:04  Marauder  
  67  7:25  Marauder  
  62  8:14  Marine  
  62  8:15  Marine x4  
  67  8:25  Siege Tank  
  67  8:26  Medivac x2  
  74  8:32  Marine  
  74  8:33  Marine x3  
  78  8:34  Marine  
  77  8:50  Marine  
  78  9:02  Marine x2  
  78  9:03  Marine  
  78  9:04  Marine  
Show
View Real Time Build Order
Export as new Build Order

zidar Zerg 

Build Orders: Pool First 

Get SALT Encoding   

  12  0:01  Drone  
  13  0:12  Overlord  
  13  0:17  Drone  
  14  0:31  Drone x2  
  16  0:36  Drone  
  17  0:47  Spawning Pool  
  16  0:50  Drone  
  17  1:15  Hatchery  
  17  1:16  Drone  
  17  1:20  Extractor  
  16  1:36  Queen  
  16  1:38  Zergling x2  
  16  1:39  Zergling x2  
  19  1:50  Overlord  
  19  1:51  Drone  
  20  2:04  Roach Warren  
  19  2:17  Queen  
  19  2:22  Drone  
  22  2:25  Drone  
  23  2:32  Extractor  
  22  2:58  Roach  
  22  2:59  Roach x2  
  22  3:00  Roach  
  30  3:20  Ravager  
  30  3:21  Ravager  
  32  3:54  Overlord x2  
  32  3:59  Hatchery  
  32  4:00  Zergling x6  
  32  4:01  Zergling x2  
  32  4:49  Metabolic Boost  
  32  4:51  Queen  
  34  5:04  Zergling x12  
  34  5:05  Zergling x2  
  41  5:36  Drone x6  
  47  5:49  Drone  
  48  5:57  Lair  
  48  6:12  Evolution Chamber  
  47  6:46  Pneumatized Carapace  
  44  7:09  Roach x7  
  30  8:39  Roach x3  
  30  8:40  Roach x8  
  44  8:45  Overseer  
Tags
 
Add a new tag
Caveats
  • Supply blocks, unpowered buildings, or Contaminate may cause inaccurate times.
  • Supply counts are checked every 10 seconds.